 Dungeon Crawl Stone Soup version 0.22.1-1-ga44c0e56f4 (webtiles) character file.

336 Kaderl the Slasher (level 6, -4/48 HPs)
             Began as a Merfolk Fighter on Oct 4, 2018.
             Slain by Menkaure (15 damage)
             ... on level 4 of the Dungeon.
             The game lasted 00:08:57 (2521 turns).

Kaderl the Slasher (Merfolk Fighter)                Turns: 2521, Time: 00:08:58

Health: -4/48      AC:  7    Str: 18    XL:     6   Next: 54%
Magic:  6/6        EV:  8    Int:  7    God:
Gold:   78         SH:  9    Dex: 14    Spells: 5/5 levels left

rFire    . . .     SeeInvis .   a - +0 long sword
rCold    . . .     Gourm    .   c - +0 shield
rNeg     . . .     Faith    .   b - +0 scale mail
rPois    .         Spirit   .   d - +0 helmet
rElec    .         Reflect  .   i - scarf {cloud immunity}
rCorr    .         Harm     .   (no gloves)
MR       .....                  (no boots)
Stlth    ..........             (no amulet)
HPRegen  0.16/turn              (no ring)
MPRegen  0.10/turn              (no ring)

@: no status effects
A: change form in water, swift swim, stealthy swim
a: no special abilities


You were on level 4 of the Dungeon.
You were not hungry.

You visited 1 branch of the dungeon, and saw 4 of its levels.

You collected 78 gold pieces.

Inventory:

Hand Weapons
 a - a +0 long sword (weapon)
Armour
 b - a +0 scale mail (worn)
 c - a +0 shield (worn)
 d - a +0 helmet (worn)
 i - a scarf of cloud immunity (worn)
Jewellery
 o - an uncursed ring of protection from cold
 q - a cursed ring of teleportation {unknown}
Scrolls
 h - a scroll of blinking {unknown}
 n - 2 scrolls of remove curse {unknown}
 p - a scroll of enchant weapon {unknown}
 r - a scroll of identify
Potions
 e - a potion of cancellation
 j - a potion of invisibility {unknown}
 k - a potion of ambrosia {unknown}
 l - a potion of brilliance {unknown}
 m - a potion of lignification {unknown}
Comestibles
 f - 3 rations


   Skills:
 + Level 4.1 Fighting
 + Level 5.0 Long Blades
 + Level 3.1 Armour
 + Level 1.7 Dodging
 + Level 4.0 Shields


You had 5 spell levels left.
You didn't know any spells.
Your spell library was empty.

Dungeon Overview and Level Annotations

Branches:
Dungeon (4/15)
 Temple: D:4-7

Altars:
Ru

Annotations:
D:4 Menkaure


Message History

Menkaure grins.
Menkaure calls on the powers of darkness!
Your body is wracked with pain!
* * * LOW HITPOINT WARNING * * *
You block Menkaure's attack.
It was a potion of heal wounds.
You feel much better. Menkaure hits you!
You hit Menkaure.
Menkaure is severely damaged.
You block Menkaure's attack.
You completely miss Menkaure.
Menkaure is severely damaged.
You block Menkaure's attack. Menkaure hits you!
* * * LOW HITPOINT WARNING * * *
You hit Menkaure but do no damage.
Menkaure is severely damaged.
You block Menkaure's attack.
You barely miss Menkaure.
Menkaure is severely damaged.
Menkaure hits you!
You die...

8.............##.##
#.....M...........#
##8###8###8#..#####
#############..#
#......##.#....#
.#..............#
#................#
.........##.##..M#####
###..###<##.##.@.....#
.......).##.##.#######
.........##.##.#
##.#.###.##.##.# #
#.##.##.# ........
#.## #. ### ##


You could see Menkaure.

Vanquished Creatures
  Sigmund (D:2)
  Natasha (thrice) (D:2)
  Robin (D:2)
  4 adders
  A worm (D:3)
  6 dart slugs
  A leopard gecko (D:2)
  An orc (D:3)
  3 bats (D:2)
  9 goblins
  6 hobgoblins
  2 jackals (D:3)
  A ball python (D:2)
  A frilled lizard (D:2)
  4 kobolds
  6 rats
50 creatures vanquished.

Notes
Turn   | Place    | Note
-------+----------+-------------------------------------------
     0 | D:1      | Kaderl the Merfolk Fighter began the quest for the Orb.
     0 | D:1      | Reached XP level 1. HP: 18/18 MP: 1/1
   193 | D:1      | Reached XP level 2. HP: 22/24 MP: 2/2
   775 | D:2      | Noticed Natasha
   782 | D:2      | Noticed a crimson imp
   787 | D:2      | Killed Natasha
   787 | D:2      | Reached XP level 3. HP: 5/29 MP: 3/3
   941 | D:2      | Noticed Natasha
   947 | D:2      | Killed Natasha
   947 | D:2      | Reached skill level 3 in Long Blades
   947 | D:2      | Reached XP level 4. HP: 20/35 MP: 4/4
   970 | D:2      | Found a faded altar of an unknown god.
  1048 | D:2      | Noticed Natasha
  1058 | D:2      | Killed Natasha
  1058 | D:2      | Reached skill level 1 in Dodging
  1158 | D:2      | Noticed Sigmund
  1217 | D:2      | Found a sacrificial altar of Ru.
  1509 | D:2      | Noticed Robin
  1531 | D:2      | Killed Robin
  1531 | D:2      | Reached XP level 5. HP: 19/42 MP: 5/5
  1952 | D:2      | Killed Sigmund
  1952 | D:2      | Reached skill level 4 in Long Blades
  1952 | D:2      | Reached XP level 6. HP: 38/48 MP: 6/6
  2259 | D:3      | Reached skill level 5 in Long Blades
  2495 | D:4      | Noticed Menkaure
  2521 | D:4      | Slain by Menkaure

Skill      XL: |  1  2  3  4  5  6 |
---------------+-------------------+-----
Long Blades    | 3 4 5 |  5.0
Dodging        | 1 |  1.7
Fighting       | 4 |  4.1
Armour         | 3 |  3.1
Shields        | 4 |  4.0

Action                   |  1- 3 |  4- 6 || total
-------------------------+-------+-------++-------
Melee: Long sword        |    58 |   133 ||   191
  Use: Scroll            |     1 |     3 ||     4
       Potion            |       |     2 ||     2
  Eat: Ration            |       |     2 ||     2
Armor: Scale mail        |    24 |    62 ||    86
Dodge: Dodged            |    18 |    49 ||    67
Block: Shield            |    32 |    79 ||   111
       Rpst.: Long sword |     5 |    14 ||    19
